 Dungeon Crawl Stone Soup version 0.27-a0-1359-ga2a4dfd6fd (webtiles) character file.

Game seed: 5445380936751480407

100 karkarkar the Chopper (level 4, -4/41 HPs)
             Began as a Minotaur Berserker on June 28, 2021.
             Was a Believer of Trog.
             Slain by Sigmund (9 damage)
             ... on level 3 of the Dungeon.
             The game lasted 00:03:42 (1795 turns).

karkarkar the Chopper (Minotaur Berserker)          Turns: 1795, Time: 00:03:43

Health: -4/41      AC:  7    Str: 22    XL:     4   Next: 47%
Magic:  3/3        EV: 11    Int:  4    God:    Trog [**....]
Gold:   112        SH:  0    Dex: 10    Spells: 3/3 levels left

rFire    . . .     SeeInvis .   a - +0 hand axe
rCold    . . .     Faith    .   (no shield)
rNeg     . . .     Spirit   .   g - +0 ring mail
rPois    .         Reflect  .   (helmet restricted)
rElec    .         Harm     .   (no cloak)
rCorr    .         Rampage  .   d - +1 pair of gloves
Will     ++...                  (no boots)
Stlth    ..........             (no amulet)
HPRegen  1.13/turn              (no ring)
MPRegen  0.08/turn              (no ring)

@: strong-willed, regenerating
A: horns 2, retaliatory headbutt
a: Renounce Religion, Berserk, Trog's Hand


You were on level 3 of the Dungeon.
You worshipped Trog.
Trog was pleased with you.
You visited 1 branch of the dungeon, and saw 3 of its levels.

You collected 112 gold pieces.

Inventory:

Hand Weapons
 a - a +0 hand axe (weapon)
Armour
 d - a +1 pair of gloves (worn)
 g - a +0 ring mail (worn)
Scrolls
 h - a scroll of enchant weapon {unknown}
 j - a scroll of fear {unknown}
Potions
 b - 3 potions of cancellation {unknown}
 c - a potion of heal wounds
 e - a potion of resistance
 f - a potion of mutation {unknown}
 i - a potion of curing


   Skills:
 + Level 4.4 Fighting
 + Level 5.5 Axes
 + Level 2.7 Armour
 + Level 2.6 Dodging


You had 3 spell levels left.
You didn't know any spells.
Your spell library was empty.

Dungeon Overview and Level Annotations

Branches:
Dungeon (3/15)

Altars:
Trog

Shops:
D:1 ((

Annotations:
D:3 Sigmund


Innate Abilities, Weirdness & Mutations

You have a pair of horns on your head.
You reflexively headbutt those who attack you in melee.


Message History

No target in view!
No target in view!
j - a scroll labelled WYOLAZICRI
Things that are here:
33 stones; a hobgoblin corpse A quokka comes into view.
Found a grey potion.
You hit the quokka. Your headbutt misses the quokka.
The quokka is almost dead.
The quokka misses you. You furiously retaliate!
You headbutt the quokka!
You kill the quokka!
Trog accepts your kill.
No target in view!
No target in view!
b - 3 grey potions (gained 1) Sigmund the Dreaded comes into view.
He is wielding a +0 scythe.
Sigmund shouts!
Sigmund casts a spell at you.
You are confused.
You bump into the rock wall.
Sigmund closely misses you.
You bump into the rock wall.
Sigmund hits you from afar with a +0 scythe!
You bump into the rock wall.
You feel less confused.
Sigmund gestures wildly while chanting.
Sigmund flickers and vanishes!
Deactivating autopickup; reactivate with Ctrl-A.
Okay, then.
A puff of flame appears from out of thin air!
The puff of flame hits you.
Your skin crawls.
You feel strong-willed. Something hits you!
You closely miss something. You headbutt something. Something hits you!
You closely miss something. You headbutt something! Something hits you.
* * * LOW HITPOINT WARNING * * *
You miss something. Something hits you!
* * * LOW HITPOINT WARNING * * *
You slash something! You headbutt something. Something hits you!
You die...

.........>...# #.#.#
########.....# #.#.# ......
#.....# #.#.# ###### #.....#
#.#.# # #.....# #.#.# #
#.....# #.#.####### #
#.....###.........# #
#.....'..{#.#####.#####..# #
#.#.#...###@#.#.............
#
#.......###.#.#.###.#####.##
#
#.#...........#.###.#####..
#
#.#####.....#..............
#
##..........###.###.#######
+ ...............###.# #
#......(...#.#.....# #
#..........#.####### #
#..........#.#


There were no monsters in sight!

Vanquished Creatures
  Jessica (D:3)
  A worm (D:2)
  5 dart slugs
  A ball python (D:1)
  2 endoplasms (D:1)
  2 giant cockroaches
  5 goblins
  3 hobgoblins
  14 jackals
  4 kobolds
  3 quokkas
  5 bats
  4 frilled lizards
  3 rats
53 creatures vanquished.

Notes
Turn   | Place    | Note
-------+----------+-------------------------------------------
     0 | D:1      | karkarkar the Minotaur Berserker began the quest for the
                  | Orb.
     0 | D:1      | Reached XP level 1. HP: 19/19 MP: 0/0
   166 | D:1      | Found Qequc's Antique Weapon Emporium.
   168 | D:1      | Found Zehoukhionk's Antique Weapon Emporium.
   176 | D:1      | Reached XP level 2. HP: 24/27 MP: 1/1
   210 | D:1      | Reached skill level 4 in Axes
   422 | D:1      | Reached XP level 3. HP: 33/33 MP: 2/2
   691 | D:2      | Reached ** piety under Trog
  1331 | D:3      | Reached skill level 5 in Axes
  1358 | D:3      | Noticed Jessica
  1376 | D:3      | Killed Jessica
  1377 | D:3      | Reached XP level 4. HP: 36/41 MP: 3/3
  1683 | D:3      | Found a bloodstained altar of Trog.
  1783 | D:3      | Noticed Sigmund
  1795 | D:3      | Slain by Sigmund

Illustrated notes

Levels and vault maps discovered:
D:1:      saegor_arrival_simple_c, layout_rooms, serial_shops, shop, shop,
          minmay_pentomino_u2
D:2:      layout_loops_ring
D:3:      layout_basic, lemuel_doored_altar, uniq_robin, uniq_sigmund,
          uniq_ijyb, uniq_jessica

Skill      XL: |  1  2  3 |
---------------+----------+-----
Fighting       | 4 |  4.4
Axes           | 4 5 |  5.5
Armour         | |  2.7
Dodging        | |  2.6

Action                   |  1- 3 |  4- 6 || total
-------------------------+-------+-------++-------
Melee: Hand axe          |    71 |    17 ||    88
       Headbutt          |    12 |     4 ||    16
Invok: Trog's Hand       |     1 |     1 ||     2
  Use: Scroll            |     2 |       ||     2
Armor: Animal skin       |     4 |       ||     4
       Ring mail         |    26 |     7 ||    33
Dodge: Dodged            |    43 |     5 ||    48

Table legend: (Time is in decaauts)
 A = Elapsed time spent in this place.
 B = Non-inter-level travel time spent in this place.
 C = Inter-level travel time spent in this place.
 D = Time resting spent in this place.
 E = Time spent auto-exploring this place.
 F = Levels seen in this place.
 G = Mean time per level.
                   A        B        C        D        E       F      G
               +--------+--------+--------+--------+--------+-----+--------+
         Total |   1800 |   1800 |      0 |      0 |   1437 |   3 |  600.0 |
       Dungeon |   1800 |   1800 |      0 |      0 |   1437 |   3 |  600.0 |
               +--------+--------+--------+--------+--------+-----+--------+

Top non-repeatable levels by time:
     D:1: 685 daAuts
     D:2: 635 daAuts
     D:3: 480 daAuts
